 Dungeon Crawl Stone Soup version 0.30-a0-335-ge5acde7520 (webtiles) character file.

Game seed: 8775604624364161210

50818 billz999 the Skirmisher (level 14, -3/148 HPs)
             Began as a Gnoll Hunter on Oct 30, 2022.
             Was a High Priest of Hepliaklqana.
             Slain by a dire elephant (25 damage)
             ... on level 5 of the Lair of Beasts.
             The game lasted 00:49:38 (17575 turns).

billz999 the Skirmisher (Gnoll Hunter)             Turns: 17575, Time: 00:49:39

Health: -3/148     AC: 16    Str: 11    XL:     14   Next: 56%
Magic:  27/27      EV: 13    Int: 16    God:    Hepliaklqana [*****.]
Gold:   851        SH:  0    Dex: 15    Spells: 32/32 levels left

rFire   + . .      SeeInvis +    b - +10 mace "Nemnir" {vorpal, rF+ rC++ Dex-2}
rCold   + + .      Faith    .    (no shield)
rNeg    . . .      Spirit   .    K - +2 scale mail "Vesas" {Drain Slay+5}
rPois   .          Reflect  .    h - +2 helmet
rElec   .          Harm     .    (no cloak)
rCorr   .          Rampage  .    y - +0 pair of gloves
Will    +....                    M - +0 pair of boots
Stlth   ..........               V - amulet of the acrobat
HPRegen 0.44/turn                g - ring of see invisible
MPRegen 0.20/turn                i - +6 ring of intelligence

@: berserking, very quick
A: reduced essence, fangs 1, strong nose, distributed training, clumsy 1
a: Renounce Religion, Recall Ancestor, Ancestor Identity, Transference, Idealise


You were on level 5 of the Lair of Beasts.
You worshipped Hepliaklqana.
Hepliaklqana was extremely pleased with you.
You visited 2 branches of the dungeon, and saw 17 of its levels.
You also visited: Ossuary.

You collected 1321 gold pieces.
You spent 470 gold pieces at shops.

Inventory:

Hand Weapons
 a - a +4 arbalest
 b - the +10 mace "Nemnir" (weapon) {vorpal, rF+ rC++ Dex-2}
   (You bought it in a shop on level 5 of the Dungeon)

   It inflicts extra damage upon your enemies.
   Dex:       It affects your dexterity (-2).
   rF:        It protects you from fire.
   rC:        It greatly protects you from cold.
 C - the +10 whip of the Endless Expanse {vorpal, *Rage rPois Str+4}
   (You found it on level 3 of the Dungeon)

   It inflicts extra damage upon your enemies.
   Str:       It affects your strength (+4).
   rPois:     It protects you from poison.
   *Rage:     It berserks you when you make melee attacks (+20% chance).
 R - the +3 great sword of Regicide {holy, Int+5}
   (You found it on level 4 of the Lair of Beasts)

   It has been blessed by the Shining One to cause great damage to the undead
   and demons.
   Int:       It affects your intelligence (+5).
 U - the +7 dagger "Ipruir" {vorpal, Contam Fly rElec rF+}
   (You found it on level 10 of the Dungeon)

   It inflicts extra damage upon your enemies.
   rF:        It protects you from fire.
   rElec:     It insulates you from electricity.
   Fly:       It grants you flight.
   Contam:    It causes magical contamination when unequipped.
Missiles
 j - 5 atropa-tipped darts
 B - 6 silver javelins
 T - 2 curare-tipped darts
Armour
 e - a +0 scale mail
 h - a +2 helmet (worn)
 y - a +0 pair of gloves (worn)
 A - a +0 pair of boots
 G - the +3 ring mail of the Salmon {rPois rC+ Dex+3}
   (You found it on level 6 of the Dungeon)

   Dex:       It affects your dexterity (+3).
   rC:        It protects you from cold.
   rPois:     It protects you from poison.
 K - the +2 scale mail "Vesas" (worn) {Drain Slay+5}
   (You bought it in a shop on level 7 of the Dungeon)

   Slay:      It affects your accuracy & damage with ranged weapons and melee
   (+5).
   Drain:     It drains your maximum health when unequipped.
 M - a +0 pair of boots (worn)
Jewellery
 g - a ring of see invisible (left hand)
 i - a +6 ring of intelligence (right hand)
 l - a ring of ice
 I - a ring of magical power
 V - an amulet of the acrobat (around neck)
Wands
 c - a wand of mindburst (2)
 L - a wand of iceblast (12)
 N - a wand of flame (30)
 S - a wand of polymorph (6)
 W - a wand of digging (3)
Scrolls
 d - 5 scrolls of identify
 k - 4 scrolls of poison
 m - 8 scrolls of noise
 p - 3 scrolls of vulnerability
 q - a scroll of blinking
 r - 6 scrolls of teleportation
 s - 5 scrolls of immolation
 v - 2 scrolls of amnesia
 z - 2 scrolls of torment
 F - a scroll of enchant armour
 O - 4 scrolls of magic mapping
 X - a scroll of summoning
Potions
 f - 6 potions of curing
 n - 2 potions of haste {unknown}
 o - 6 potions of attraction
 t - a potion of mutation
 u - 2 potions of magic
 x - a potion of invisibility
 D - a potion of flight
 E - 3 potions of lignification
 H - 2 potions of ambrosia
 J - 3 potions of brilliance
 P - a potion of berserk rage
 Q - 3 potions of might {unknown}


   Skills:
 + Level 10.7 Fighting
 + Level 9.7 Short Blades
 + Level 9.7 Long Blades
 + Level 9.7 Axes
 + Level 9.7 Maces & Flails
 + Level 9.7 Polearms
 + Level 9.7 Staves
 + Level 12.7 Ranged Weapons
 + Level 9.7 Throwing
 + Level 9.7 Armour
 + Level 10.7 Dodging
 + Level 10.0 Stealth
 + Level 9.7 Shields
 + Level 9.7 Unarmed Combat
 + Level 9.7 Spellcasting
 + Level 8.1 Conjurations
 + Level 8.1 Hexes
 + Level 8.1 Summonings
 + Level 8.1 Necromancy
 + Level 8.1 Translocations
 + Level 8.1 Transmutations
 + Level 8.1 Fire Magic
 + Level 8.1 Ice Magic
 + Level 8.1 Air Magic
 + Level 8.1 Earth Magic
 + Level 8.1 Poison Magic
 + Level 10.5 Invocations
 + Level 9.7 Evocations


You had 32 spell levels left.
You didn't know any spells.
Your spell library contained the following spells:

 Spells                   Type           Power      Damage    Failure   Level
 Slow                     Hex            100%       N/A       1%          1
 Sublimation of Blood     Necr           33%        N/A       2%          2
 Wereblood                Tmut           33%        N/A       2%          2
 Confusing Touch          Hex            33%        N/A       4%          3
 Gell's Gravitas          Tloc           33%        N/A       4%          3
 Kindle Blastsparks       Fire/Tloc/Air  66%        2d15      4%          3
 Lesser Beckoning         Tloc           66%        N/A       4%          3
 Teleport Other           Tloc           33%        N/A       4%          3
 Vampiric Draining        Necr           33%        2d8       4%          3
 Fulminant Prism          Conj/Hex       16%        3d10      14%         4
 Iskenderun's Mystic Bla  Conj/Tloc      33%        2d8       14%         4
 Lee's Rapid Deconstruct  Erth           16%        3d10*     36%         5
 Summon Hydra             Summ           16%        N/A       100%        7


Dungeon Overview and Level Annotations

Branches:
Dungeon (12/15)            Temple (0/1) D:6            Lair (5/5) D:8
  Swamp (0/4) Lair:3        Snake (0/4) Lair:3        Slime (0/5) Lair:5
Ossuary (visited)
    Orc: D:9-12

Altars:
Hepliaklqana
Okawaru

Shops:
D:5 (   D:7 [


Innate Abilities, Weirdness & Mutations

Your life essence is reduced to manifest your ancestor. (-10% HP)
You have very sharp teeth.
Your uncanny sense of smell can sniff out nearby items.
Your experience applies equally to all skills.
You are clumsy. (Dex -2)


Message History

The dire elephant trunk-slaps you but does no damage.
You hit the dire elephant but do no damage.
The dire elephant tramples you but does no damage.
The dire elephant trunk-slaps you but does no damage.
You sock the dire elephant!
The dire elephant is lightly wounded.
The dire elephant tramples you!!
You hold your ground!
The dire elephant trunk-slaps you but does no damage.
You completely miss the dire elephant.
The dire elephant is lightly wounded.
The dire elephant misses you.
The dire elephant trunk-slaps you but does no damage.
You hit the dire elephant but do no damage.
The dire elephant is lightly wounded.
The dire elephant tramples you!
You hold your ground!
The dire elephant trunk-slaps you but does no damage.
You feel stronger.
C - the +10 whip of the Endless Expanse (weapon)
{vorpal, *Rage rPois Str+4} The dire elephant tramples you but does no damage.
The dire elephant trunk-slaps you but does no damage.
Unknown command.
You feel clumsy.
b - the +10 mace "Nemnir" (weapon)
{vorpal, rF+ rC++ Dex-2} You hit the dire elephant but do no damage.
The dire elephant is lightly wounded.
The dire elephant tramples you but does no damage.
The dire elephant trunk-slaps you.
You hit the dire elephant but do no damage.
You punch the dire elephant.
You bite the dire elephant, but do no damage.
The dire elephant is lightly wounded.
The dire elephant tramples you!!
* * * LOW HITPOINT WARNING * * *
You hold your ground!
The dire elephant trunk-slaps you!
* * * LOW HITPOINT WARNING * * *
It was a potion of berserk rage.
A red film seems to cover your vision as you go berserk!
You feel yourself moving faster!
You feel mighty! The dire elephant tramples you!!
You die...

#...........÷..###...##
##...........8...###..##
#.#.....###....8.###..##
#.##....####..÷..###...#
#.♣##...##..8..8./###..#
#.Y.#....#.8÷...([# #..##
#.Y.##.8.......|(# #...#
#....#...8.÷8Y[:# ##...#
##...###...[.@=## #....##
#....♣#####?### ##.....##
##........########.....♣.####
##...÷.......##............#
###........................
##.......####....P.......
##..♣.###..##...........
######.....###..P......
#..........##....P...


You could see a dire elephant.

Vanquished Creatures
  Rupert (Lair:5)
  3 hydras (Lair:4)
  A catoblepas (Lair:5)
  3 boulder beetles
  A two-headed ogre (D:10)
  A deep troll shaman (Lair:5)
  10 death yaks
  Sonja (D:10)
  A deep elf pyromancer (D:12)
  A cyclops (D:12)
  6 elephants
  A black mamba (Lair:1)
  9 cane toads
  Psyche (D:10)
  An unseen horror (D:10)
  5 komodo dragons
  A kobold demonologist (D:9)
  A rime drake (Lair:5)
  3 trolls
  3 polar bears
  11 blink frogs
  10 dream sheep
  Sigmund (D:3)
  2 shadows (D:11)
  A vampire (D:11)
  3 wyverns
  28 yaks
  6 basilisks
  A vampire mosquito (D:9)
  Menkaure (D:6)
  A steam dragon (D:6)
  An acid dragon (D:10)
  2 nagas (Lair:3)
  12 water moccasins
  Duvessa (D:7)
  6 orc warriors
  A sky beast (D:5)
  2 black bears (Lair:5)
  An ogre (D:4)
  13 wolves
  A gnoll sergeant (D:11)
  2 scorpions (D:5)
  4 bullfrogs
  A necrophage (D:4)
  3 wights (D:7)
  A hexer (Lair:5)
  Dowan (D:7)
  11 killer bees
  6 howler monkeys
  5 electric eels
  A centaur zombie (Ossuary)
  5 hounds
  A jelly (D:4)
  4 orc priests
  6 iguanas
  10 orc wizards
  A hell rat (D:7)
  2 mummies (Ossuary)
  3 adders
  9 gnolls
  2 river rats (D:7)
  A white imp (D:7)
  3 ufetubi
  3 worms (D:3)
  3 dart slugs
  26 orcs
  9 endoplasms
  A giant cockroach (D:3)
  A gnoll zombie (Ossuary)
  6 goblins
  6 hobgoblins
  11 jackals
  11 quokkas
  6 ball pythons
  13 bats
  2 frilled lizards
  A goblin zombie (Ossuary)
  2 hobgoblin zombies (Ossuary)
  2 kobolds (D:1)
  An orc zombie (Ossuary)
  19 rats
364 creatures vanquished.

Vanquished Creatures (collateral kills)
  A hydra (Lair:4)
  A death yak (Lair:3)
  A cyclops (D:12)
  7 elephants
  2 black mambas
  A torpor snail (Lair:3)
  4 cane toads
  2 komodo dragons
  A meliai (D:9)
  2 polar bears (Lair:3)
  A hornet (Lair:3)
  A blink frog (Lair:2)
  3 dream sheep
  4 wyverns
  9 yaks
  2 nagas (Lair:3)
  8 water moccasins
  An ice beast (D:7)
  A sky beast (D:7)
  5 wolves
  A centaur (D:10)
  A kobold brigand (D:9)
  3 bullfrogs
  A gnoll sergeant (D:8)
  A scorpion (D:7)
  A necrophage (D:6)
  3 killer bees (D:8)
  A howler monkey (D:7)
  3 orc priests
  A human zombie (Ossuary)
  2 orc wizards
  A mummy (Ossuary)
  A gnoll (D:11)
  4 river rats (D:7)
  4 orcs
  A bat (Lair:4)
  A gnoll zombie (Ossuary)
  3 rats (D:7)
90 creatures vanquished.

Vanquished Creatures (others)
  16 hexers
  2 ancestors
  15 fungi
  40 plants
73 creatures vanquished.

Grand Total: 527 creatures vanquished

Notes
Turn   | Place    | Note
-------+----------+-------------------------------------------
     0 | D:1      | billz999 the Gnoll Hunter began the quest for the Orb.
     0 | D:1      | Reached XP level 1. HP: 20/20 MP: 1/1
    78 | D:1      | Reached XP level 2. HP: 20/26 MP: 2/2
   198 | D:1      | Reached XP level 3. HP: 31/31 MP: 3/3
   285 | D:1      | Found a faded altar of an unknown god.
   301 | D:1      | Got Plato's Incunabulum of the Oath
   315 | D:1      | Reached skill level 1 in Invocations
   724 | D:2      | Reached skill level 1 in Short Blades
   724 | D:2      | Reached skill level 1 in Long Blades
   724 | D:2      | Reached skill level 1 in Axes
   724 | D:2      | Reached skill level 1 in Maces & Flails
   724 | D:2      | Reached skill level 1 in Polearms
   724 | D:2      | Reached skill level 1 in Staves
   724 | D:2      | Reached skill level 1 in Throwing
   724 | D:2      | Reached skill level 1 in Armour
   724 | D:2      | Reached skill level 1 in Shields
   724 | D:2      | Reached skill level 1 in Unarmed Combat
   724 | D:2      | Reached skill level 1 in Spellcasting
   724 | D:2      | Reached skill level 1 in Evocations
  1047 | D:3      | Reached XP level 4. HP: 38/38 MP: 5/5
  1116 | D:3      | Identified the +10 whip of the Endless Expanse {vorpal,
                  | *Rage rPois Str+4}
  1376 | D:3      | Reached skill level 1 in Conjurations
  1376 | D:3      | Reached skill level 1 in Hexes
  1376 | D:3      | Reached skill level 1 in Summonings
  1376 | D:3      | Reached skill level 1 in Necromancy
  1376 | D:3      | Reached skill level 1 in Translocations
  1376 | D:3      | Reached skill level 1 in Transmutations
  1376 | D:3      | Reached skill level 1 in Fire Magic
  1376 | D:3      | Reached skill level 1 in Ice Magic
  1376 | D:3      | Reached skill level 1 in Air Magic
  1376 | D:3      | Reached skill level 1 in Earth Magic
  1376 | D:3      | Reached skill level 1 in Poison Magic
  1378 | D:3      | Noticed Sigmund
  1389 | D:3      | Killed Sigmund
  1390 | D:3      | Reached XP level 5. HP: 31/43 MP: 5/7
  1390 | D:3      | Reached XP level 6. HP: 36/50 MP: 5/8
  1535 | D:4      | Reached skill level 5 in Fighting
  1535 | D:4      | Reached skill level 5 in Dodging
  1708 | D:4      | Reached XP level 7. HP: 48/56 MP: 10/10
  2395 | D:4      | Found a hazy altar of Hepliaklqana.
  2469 | D:4      | Became a worshipper of Hepliaklqana the Forgotten
  2536 | D:5      | Entered Level 5 of the Dungeon
  2663 | D:5      | Reached skill level 9 in Ranged Weapons
  2680 | D:5      | Reached XP level 8. HP: 23/63 MP: 12/12
  3301 | D:5      | Reached * piety under Hepliaklqana
  3321 | D:5      | Found Oxkiunlu's Antique Weapon Boutique.
  3329 | D:5      | Bought a bloodstained mace for 200 gold pieces
  3329 | D:5      | Identified the +10 mace "Nemnir" {vorpal, rF+ rC++ Dex-2}
                  | (You bought it in a shop on level 5 of the Dungeon)
  3775 | D:6      | Found a sand-covered staircase.
  3783 | Ossuary  | Entered an ossuary
  4463 | D:6      | Reached XP level 9. HP: 57/62 MP: 13/15
  4511 | D:6      | Found a staircase to the Ecumenical Temple.
  4513 | D:6      | Identified the +3 ring mail of the Salmon {rPois rC+ Dex+3}
  4602 | D:6      | Noticed Menkaure
  4610 | D:6      | Killed Menkaure
  5482 | D:7      | Reached skill level 5 in Stealth
  5525 | D:7      | Reached skill level 5 in Invocations
  5907 | D:7      | Reached ** piety under Hepliaklqana
  5914 | D:7      | Noticed Dowan
  5914 | D:7      | Noticed Duvessa
  5925 | D:7      | Killed Duvessa
  5928 | D:7      | Remembered your ancestor Amala as a hexer
  5934 | D:7      | Killed Dowan
  5970 | D:7      | Found Bangeguo's Antique Armour Emporium.
  5976 | D:7      | Bought a jewelled scale mail for 270 gold pieces
  5976 | D:7      | Identified the +2 scale mail "Vesas" {Drain Slay+5} (You
                  | bought it in a shop on level 7 of the Dungeon)
  6524 | D:8      | Identified the +2 ring mail of Narrow Music {rElec Will+++
                  | Regen+ Str-4}
  6549 | D:8      | Reached skill level 5 in Short Blades
  6549 | D:8      | Reached skill level 5 in Long Blades
  6549 | D:8      | Reached skill level 5 in Axes
  6549 | D:8      | Reached skill level 5 in Maces & Flails
  6549 | D:8      | Reached skill level 5 in Polearms
  6549 | D:8      | Reached skill level 5 in Staves
  6549 | D:8      | Reached skill level 5 in Throwing
  6549 | D:8      | Reached skill level 5 in Armour
  6549 | D:8      | Reached skill level 5 in Shields
  6549 | D:8      | Reached skill level 5 in Unarmed Combat
  6549 | D:8      | Reached skill level 5 in Spellcasting
  6549 | D:8      | Reached skill level 5 in Evocations
  6549 | D:8      | Reached XP level 10. HP: 69/69 MP: 17/17
  6646 | D:8      | Reached skill level 10 in Ranged Weapons
  6929 | D:8      | Found a staircase to the Lair.
  7531 | Lair:1   | Entered Level 1 of the Lair of Beasts
  7531 | Lair:1   | Found a gate leading to a gauntlet.
  7709 | D:9      | Noticed a kobold demonologist
  7718 | D:9      | Killed a kobold demonologist
  7950 | D:9      | Reached skill level 5 in Conjurations
  7950 | D:9      | Reached skill level 5 in Hexes
  7950 | D:9      | Reached skill level 5 in Summonings
  7950 | D:9      | Reached skill level 5 in Necromancy
  7950 | D:9      | Reached skill level 5 in Translocations
  7950 | D:9      | Reached skill level 5 in Transmutations
  7950 | D:9      | Reached skill level 5 in Fire Magic
  7950 | D:9      | Reached skill level 5 in Ice Magic
  7950 | D:9      | Reached skill level 5 in Air Magic
  7950 | D:9      | Reached skill level 5 in Earth Magic
  7950 | D:9      | Reached skill level 5 in Poison Magic
  7950 | D:9      | Reached XP level 11. HP: 52/76 MP: 20/20
  8553 | D:10     | Entered Level 10 of the Dungeon
  8553 | D:10     | Noticed Psyche
  8557 | D:10     | Killed Psyche
  9128 | D:10     | Noticed Sonja
  9140 | D:10     | Killed Sonja
  9362 | D:10     | Found an iron altar of Okawaru.
  9376 | D:10     | Identified the +7 dagger "Ipruir" {vorpal, Contam Fly rElec
                  | rF+}
  9403 | D:10     | Reached *** piety under Hepliaklqana
  9564 | D:10     | Noticed a two-headed ogre
  9573 | D:10     | Killed a two-headed ogre
  9659 | D:11     | Identified the +9 hand axe of the Saviour {vorpal, Fragile
                  | rPois Int+3 Dex+4}
 10170 | D:12     | Noticed a boulder beetle
 10185 | D:12     | Killed a boulder beetle
 10192 | D:12     | Noticed a cyclops
 10205 | D:12     | Killed a cyclops
 10206 | D:12     | Reached skill level 11 in Ranged Weapons
 10381 | D:12     | Noticed a deep elf pyromancer
 10386 | D:12     | Noticed a boulder beetle
 10388 | D:12     | Killed a deep elf pyromancer
 10411 | D:12     | Killed a boulder beetle
 10625 | D:12     | Noticed a cyclops
 10629 | D:12     | Killed a cyclops
 10630 | D:12     | Reached XP level 12. HP: 78/84 MP: 22/22
 11082 | Lair:1   | Reached **** piety under Hepliaklqana
 12830 | Lair:3   | Reached ***** piety under Hepliaklqana
 12839 | Lair:3   | Reached XP level 13. HP: 81/90 MP: 25/25
 13346 | Lair:3   | Found a staircase to the Snake Pit.
 13406 | Lair:3   | Found a staircase to the Swamp.
 13447 | Lair:3   | Reached skill level 12 in Ranged Weapons
 14533 | Lair:4   | Identified the +3 great sword of Regicide {holy, Int+5}
 14843 | Lair:4   | Reached skill level 10 in Fighting
 14843 | Lair:4   | Reached skill level 10 in Dodging
 15815 | Lair:5   | Entered Level 5 of the Lair of Beasts
 15839 | Lair:5   | Found a staircase to the Slime Pits.
 15869 | Lair:5   | Reached XP level 14. HP: 99/99 MP: 27/27
 15870 | Lair:5   | Reached skill level 10 in Invocations
 16425 | Lair:5   | Noticed Rupert
 16444 | Lair:5   | Killed Rupert
 16921 | Lair:5   | Gained mutation: You are clumsy. (Dex -2) [mutagenic glow]
 17124 | Lair:5   | Noticed a dire elephant
 17482 | Lair:5   | Reached skill level 10 in Stealth
 17575 | Lair:5   | Slain by a dire elephant

Illustrated notes

Levels and vault maps discovered:
D:1:      sevenhm_arrival_forest_fort_small_4, layout_basic,
          shapermc_ecumenical_altar_rom_forum
D:2:      layout_rooms
D:3:      layout_rooms, chequers_serial_rivers_marsh, uniq_sigmund
D:4:      layout_rooms, nicolae_hepliaklqana_hippocampus
D:5:      layout_layer_cave, serial_shops, nicolae_shop_advertising_works
          [nicolae_subvault_shop_adworks], minmay_joined_circles
D:6:      layout_basic, minmay_temple_entry_junction_2,
          chequers_ossuary_entry_cave, uniq_menkaure
D:7:      lemuel_ratsnest, layout_basic, serial_shops, shop,
          chequers_serial_rivers_large_a, uniq_duvessa
D:8:      layout_loops_ring, lair_entry_dummy
D:9:      minmay_ornate_pinched, layout_small_grid, nicolae_figureground_sparkle
D:10:     layout_roguey, okawaru_trees_2, uniq_sonja, uniq_psyche
D:11:     layout_rooms
D:12:     layout_basic, hiddenorc1_lemuel
Lair:1:   layout_cellular_growth, gauntlet_entry_generic, fungi_pond_lemuel
Lair:2:   layout_small_grid
Lair:3:   layout_regular_city, swamp_mist, minmay_snake_entry_guardpost_small,
          gammafunk_lair_bear_cave
Lair:4:   layout_cellular_growth, roderic_batcave,
          grunt_forest_small_clearing_treed, infiniplex_staircase_pool
Lair:5:   grunt_lair_end_beastmaster, layout_big_grid, slime_entry_1,
          serial_forest, infiniplex_forest_lined_corner,
          infiniplex_forest_end_1, infiniplex_forest_straight_2,
          infiniplex_forest_clump_tiny, infiniplex_forest_straight_3,
          infiniplex_forest_end_3, uniq_rupert

Skill      XL: |  1  2  3  4  5  6  7  8  9 10 11 12 13 14 |
---------------+-------------------------------------------+-----
Invocations    | 1 2 3 4 5 6 7 8 9 10 | 10.5
Short Blades   | 1 2 3 4 5 6 7 8 9 |  9.7
Long Blades    | 1 2 3 4 5 6 7 8 9 |  9.7
Axes           | 1 2 3 4 5 6 7 8 9 |  9.7
Maces & Flails | 1 2 3 4 5 6 7 8 9 |  9.7
Polearms       | 1 2 3 4 5 6 7 8 9 |  9.7
Staves         | 1 2 3 4 5 6 7 8 9 |  9.7
Throwing       | 1 2 3 4 5 6 7 8 9 |  9.7
Armour         | 1 2 3 4 5 6 7 8 9 |  9.7
Shields        | 1 2 3 4 5 6 7 8 9 |  9.7
Unarmed Combat | 1 2 3 4 5 6 7 8 9 |  9.7
Spellcasting   | 1 2 3 4 5 6 7 8 9 |  9.7
Evocations     | 1 2 3 4 5 6 7 8 9 |  9.7
Conjurations   | 1 2 3 4 5 6 7 8 |  8.1
Hexes          | 1 2 3 4 5 6 7 8 |  8.1
Summonings     | 1 2 3 4 5 6 7 8 |  8.1
Necromancy     | 1 2 3 4 5 6 7 8 |  8.1
Translocations | 1 2 3 4 5 6 7 8 |  8.1
Transmutations | 1 2 3 4 5 6 7 8 |  8.1
Fire Magic     | 1 2 3 4 5 6 7 8 |  8.1
Ice Magic      | 1 2 3 4 5 6 7 8 |  8.1
Air Magic      | 1 2 3 4 5 6 7 8 |  8.1
Earth Magic    | 1 2 3 4 5 6 7 8 |  8.1
Poison Magic   | 1 2 3 4 5 6 7 8 |  8.1
Stealth        | 3 4 5 6 7 8 9 10 | 10.0
Fighting       | 5 6 7 8 9 10 | 10.7
Dodging        | 5 6 7 8 9 10 | 10.7
Ranged Weapons | 9 10 11 12 | 12.7

Action                   |  1- 3 |  4- 6 |  7- 9 | 10-12 | 13-15 || total
-------------------------+-------+-------+-------+-------+-------++-------
Melee: Whip              |       |    27 |    45 |     7 |    19 ||    98
       Bite              |       |       |    13 |    21 |    45 ||    79
       Mace              |       |       |    62 |   157 |   154 ||   373
       Punch             |       |       |     3 |    14 |    16 ||    33
       Dagger            |       |       |       |     9 |     2 ||    11
       Hand axe          |       |       |       |       |    43 ||    43
 Fire: Shortbow          |   121 |    75 |   219 |    85 |       ||   500
       Arbalest          |       |       |       |   223 |   201 ||   424
Throw: Dart              |       |       |       |       |     2 ||     2
Invok: Ancestor Life: He |       |       |     1 |       |       ||     1
Evoke: Wand              |       |       |     1 |     7 |    19 ||    27
  Use: Scroll            |       |       |     6 |    11 |     5 ||    22
       Potion            |       |       |     1 |     3 |     5 ||     9
 Stab: Paralysed         |       |       |     3 |     3 |       ||     6
       Distracted        |       |       |     1 |     3 |     6 ||    10
       Sleeping          |       |       |     1 |       |       ||     1
       Confused          |       |       |       |     3 |     4 ||     7
       Invisible         |       |       |       |     2 |       ||     2
Armor: Leather armour    |    11 |     5 |    16 |       |       ||    32
       Ring mail         |       |       |    13 |    62 |    56 ||   131
       Scale mail        |       |       |       |       |    86 ||    86
Dodge: Dodged            |    52 |    26 |   100 |   133 |   206 ||   517

Table legend: (Time is in decaauts)
 A = Elapsed time spent in this place.
 B = Non-inter-level travel time spent in this place.
 C = Inter-level travel time spent in this place.
 D = Time resting spent in this place.
 E = Time spent auto-exploring this place.
 F = Levels seen in this place.
 G = Mean time per level.
                   A        B        C        D        E       F      G
               +--------+--------+--------+--------+--------+-----+--------+
         Total |  17850 |  16790 |   1060 |   2405 |  11567 |  18 |  991.7 |
       Dungeon |  10475 |   9737 |    738 |   1236 |   6950 |  12 |  872.9 |
          Lair |   6960 |   6638 |    322 |    943 |   4535 |   5 | 1392.0 |
       Ossuary |    414 |    414 |      0 |    225 |     81 |   1 |  414.0 |
               +--------+--------+--------+--------+--------+-----+--------+

Top non-repeatable levels by time:
  Lair:5: 1783 daAuts
  Lair:3: 1663 daAuts
  Lair:4: 1423 daAuts
     D:7: 1236 daAuts
     D:5: 1193 daAuts
     D:8: 1185 daAuts
     D:6: 1150 daAuts
    D:10: 1118 daAuts
  Lair:2: 1074 daAuts
     D:4: 1039 daAuts
  Lair:1: 1014 daAuts
     D:9: 950 daAuts
     D:1: 633 daAuts
    D:11: 551 daAuts
    D:12: 505 daAuts
